[ AOE2 MATCH · #507892853 ]
UnrankedBurgundians vs Maya
Player's team · LOSS
Rival team · WIN
[ REPLAY ANALYSIS · EXTRACTED FROM THE RECORDED GAME ]
Feudal
9:16
Castle
20:18
Imperial
—
| APM avg | 73.2 |
| APM peak | 129 |
| eAPM avg | 28.2 |
| Villagers / military | 106 / 27 |
Focus
⚔️ 32.0% · 🌾 68.0%
Knight ×15 · Scout Cavalry ×8 · Monk ×2 · Archer ×1 · Skirmisher ×1
Feudal
8:53
Castle
19:21
Imperial
30:58
| APM avg | 55.9 |
| APM peak | 79 |
| eAPM avg | 22.2 |
| Villagers / military | 87 / 35 |
Focus
⚔️ 34.7% · 🌾 65.3%
Eagle Scout ×25 · Monk ×6 · Militia ×3 · Spearman ×1
Match map
Initial resources + every placement click. Lines = walls · curves = elevation contours. ◆ gold · ⬟ stone · ● berries · ✦ relic · ◌ wall gap
Your base· Open — unwalled flank
CNZS_98T's base· Open — 7t gap
Smoothed initial terrain · ◌ = detected wall gap · hover for details
Inputs per minute
— CNZS_MING - - CNZS_98T
Build order — CNZS_MING
First 150 of 266 actions detected
| 0:00 | Queue | Villager (Male) |
| 0:00 | Queue | Villager (Male) |
| 0:00 | Queue | Villager (Male) |
| 0:02 | Build | House |
| 0:04 | Build | House |
| 0:19 | Queue | Villager (Male) |
| 0:20 | Queue | Villager (Male) |
| 1:25 | Queue | Villager (Male) |
| 1:26 | Queue | Villager (Male) |
| 2:02 | Queue | Villager (Male) |
| 2:12 | Queue | Villager (Male) |
| 2:37 | Build | Lumber Camp |
| 2:53 | Queue | Villager (Male) |
| 3:08 | Queue | Villager (Male) |
| 3:28 | Build | House |
| 3:46 | Queue | Villager (Male) |
| 4:01 | Queue | Villager (Male) |
| 4:16 | Research | Double-Bit Axe |
| 4:18 | Queue | Villager (Male) |
| 4:56 | Queue | Villager (Male) |
| 4:57 | Queue | Villager (Male) |
| 5:03 | Queue | Villager (Male) |
| 5:26 | Queue | Villager (Male) |
| 5:49 | Build | Mill |
| 5:56 | Queue | Villager (Male) |
| 6:27 | Research | Loom |
| 6:27 | Research | Loom |
| 7:00 | Research | Feudal Age |
| 7:01 | Research | Feudal Age |
| 7:26 | Build | House |
| 7:57 | Build | Barracks |
| 8:22 | Build | House |
| 8:51 | Queue | Villager (Male) |
| 9:16 | Age | Feudal Age |
| 9:18 | Research | Town Watch |
| 9:19 | Build | Stable |
| 9:25 | Queue | Villager (Male) |
| 9:28 | Research | Horse Collar |
| 9:29 | Research | Horse Collar |
| 9:39 | Build | Palisade Wall |
| 9:43 | Build | House |
| 9:53 | Queue | Villager (Male) |
| 10:00 | Queue | Scout Cavalry |
| 10:05 | Build | House |
| 10:07 | Build | Palisade Wall |
| 10:11 | Queue | Villager (Male) |
| 10:19 | Queue | Villager (Male) |
| 10:35 | Queue | Scout Cavalry |
| 10:41 | Build | Archery Range |
| 10:43 | Queue | Villager (Male) |
| 10:49 | Build | House |
| 10:55 | Build | House |
| 11:19 | Build | Farm |
| 11:21 | Queue | Scout Cavalry |
| 11:27 | Queue | Archer |
| 11:47 | Queue | Villager (Male) |
| 11:49 | Queue | Scout Cavalry |
| 12:03 | Queue | Skirmisher |
| 12:08 | Build | Farm |
| 12:10 | Build | Farm |
| 12:16 | Queue | Villager (Male) |
| 12:18 | Queue | Villager (Male) |
| 12:19 | Build | Farm |
| 12:34 | Build | Farm |
| 12:42 | Build | Farm |
| 12:58 | Build | Farm |
| 13:08 | Queue | Villager (Male) |
| 13:15 | Build | Farm |
| 13:17 | Queue | Villager (Male) |
| 13:24 | Build | Farm |
| 13:36 | Build | House |
| 13:42 | Build | Farm |
| 13:45 | Queue | Villager (Male) |
| 14:12 | Queue | Villager (Male) |
| 14:13 | Build | Farm |
| 14:15 | Build | Farm |
| 14:24 | Build | House |
| 14:28 | Queue | Villager (Male) |
| 14:29 | Build | Farm |
| 14:31 | Build | Farm |
| 14:50 | Build | Palisade Wall |
| 14:51 | Build | Palisade Wall |
| 14:51 | Build | Palisade Wall |
| 15:03 | Queue | Villager (Male) |
| 15:09 | Build | Mining Camp |
| 15:19 | Build | House |
| 15:22 | Queue | Villager (Male) |
| 15:36 | Queue | Villager (Male) |
| 16:03 | Queue | Villager (Male) |
| 16:19 | Build | Blacksmith |
| 16:35 | Queue | Villager (Male) |
| 16:38 | Build | Palisade Wall |
| 16:39 | Build | Palisade Wall |
| 16:45 | Build | Palisade Wall |
| 17:24 | Build | House |
| 17:25 | Build | Palisade Wall |
| 17:26 | Build | House |
| 17:27 | Build | Palisade Wall |
| 17:30 | Build | House |
| 17:31 | Build | Palisade Wall |
| 17:33 | Build | House |
| 17:35 | Build | House |
| 17:36 | Build | Palisade Wall |
| 17:37 | Build | Palisade Wall |
| 17:38 | Research | Castle Age |
| 17:53 | Research | Bow Saw |
| 18:29 | Build | Market |
| 18:48 | Build | Palisade Wall |
| 18:53 | Build | House |
| 19:37 | Build | Stable |
| 20:00 | Research | Gold Mining |
| 20:00 | Research | Gold Mining |
| 20:13 | Build | Palisade Wall |
| 20:18 | Age | Castle Age |
| 20:20 | Queue | Knight |
| 20:20 | Queue | Knight |
| 20:20 | Queue | Villager (Male) |
| 20:39 | Build | Monastery |
| 20:44 | Research | Cavalier (upgrade) |
| 20:44 | Research | Husbandry |
| 20:45 | Queue | Knight |
| 20:45 | Queue | Villager (Male) |
| 21:03 | Queue | Villager (Male) |
| 21:21 | Queue | Knight |
| 21:24 | Queue | Villager (Male) |
| 21:27 | Queue | Monk |
| 21:29 | Queue | Knight |
| 21:36 | Build | Town Center |
| 21:51 | Build | House |
| 21:58 | Queue | Knight |
| 21:59 | Queue | Villager (Male) |
| 22:18 | Queue | Knight |
| 22:33 | Queue | Villager (Male) |
| 22:33 | Queue | Villager (Male) |
| 22:40 | Build | Lumber Camp |
| 22:44 | Queue | Knight |
| 22:46 | Build | Farm |
| 23:07 | Research | Devotion |
| 23:08 | Queue | Villager (Male) |
| 23:10 | Queue | Knight |
| 23:11 | Queue | Knight |
| 23:22 | Build | Farm |
| 23:22 | Build | Farm |
| 23:24 | Queue | Villager (Male) |
| 23:46 | Queue | Knight |
| 23:50 | Queue | Villager (Male) |
| 24:00 | Queue | Villager (Male) |
| 24:11 | Build | Town Center |
| 24:12 | Queue | Villager (Male) |
| 24:18 | Build | House |
Build order — CNZS_98T
First 150 of 244 actions detected
| 0:01 | Research | Loom |
| 0:02 | Queue | Villager (Male) |
| 0:02 | Queue | Villager (Male) |
| 0:02 | Queue | Villager (Male) |
| 0:04 | Build | House |
| 0:05 | Build | House |
| 1:34 | Queue | Villager (Male) |
| 1:46 | Build | Lumber Camp |
| 2:00 | Queue | Villager (Male) |
| 2:00 | Queue | Villager (Male) |
| 2:27 | Queue | Villager (Male) |
| 2:31 | Queue | Villager (Male) |
| 2:39 | Build | House |
| 3:11 | Queue | Villager (Male) |
| 3:11 | Queue | Villager (Male) |
| 3:11 | Queue | Villager (Male) |
| 3:39 | Queue | Villager (Male) |
| 4:08 | Queue | Villager (Male) |
| 4:59 | Queue | Villager (Male) |
| 5:04 | Queue | Villager (Male) |
| 5:04 | Queue | Villager (Male) |
| 5:23 | Queue | Villager (Male) |
| 5:37 | Build | Barracks |
| 6:08 | Build | House |
| 6:13 | Build | House |
| 6:43 | Research | Feudal Age |
| 7:00 | Queue | Militia |
| 7:00 | Queue | Militia |
| 7:07 | Build | Mining Camp |
| 7:30 | Queue | Militia |
| 8:05 | Build | Mill |
| 8:12 | Build | House |
| 8:17 | Build | Palisade Wall |
| 8:44 | Queue | Villager (Male) |
| 8:49 | Build | Palisade Wall |
| 8:53 | Age | Feudal Age |
| 8:56 | Research | Man-at-Arms (upgrade) |
| 8:58 | Research | Double-Bit Axe |
| 9:07 | Queue | Villager (Male) |
| 9:39 | Queue | Spearman |
| 9:42 | Build | Palisade Wall |
| 9:45 | Queue | Villager (Male) |
| 10:05 | Build | Palisade Wall |
| 10:10 | Queue | Villager (Male) |
| 10:26 | Queue | Villager (Male) |
| 10:56 | Queue | Villager (Male) |
| 11:08 | Build | House |
| 11:13 | Research | Horse Collar |
| 11:14 | Research | Horse Collar |
| 11:14 | Queue | Villager (Male) |
| 11:16 | Build | Farm |
| 11:26 | Build | Farm |
| 11:48 | Queue | Villager (Male) |
| 11:58 | Build | Farm |
| 12:00 | Build | House |
| 12:01 | Queue | Villager (Male) |
| 12:12 | Queue | Eagle Scout |
| 12:13 | Queue | Eagle Scout |
| 12:16 | Build | Farm |
| 12:18 | Queue | Villager (Male) |
| 12:20 | Build | Farm |
| 12:23 | Build | Farm |
| 12:59 | Queue | Eagle Scout |
| 13:02 | Queue | Villager (Male) |
| 13:10 | Build | Farm |
| 13:17 | Build | Farm |
| 13:18 | Queue | Villager (Male) |
| 13:52 | Queue | Villager (Male) |
| 13:52 | Queue | Villager (Male) |
| 14:05 | Build | Blacksmith |
| 14:11 | Queue | Villager (Male) |
| 14:31 | Queue | Villager (Male) |
| 14:38 | Build | Farm |
| 14:46 | Build | Market |
| 14:56 | Build | House |
| 15:02 | Queue | Eagle Scout |
| 15:04 | Research | Scale Mail Armor |
| 15:04 | Research | Scale Mail Armor |
| 15:05 | Queue | Villager (Male) |
| 15:09 | Build | Farm |
| 15:22 | Build | House |
| 15:33 | Queue | Villager (Male) |
| 15:37 | Build | Farm |
| 16:02 | Build | House |
| 16:12 | Build | Farm |
| 16:41 | Research | Castle Age |
| 17:00 | Build | Lumber Camp |
| 17:04 | Build | Lumber Camp |
| 17:08 | Build | House |
| 17:14 | Queue | Eagle Scout |
| 17:23 | Research | Gold Mining |
| 17:32 | Queue | Eagle Scout |
| 18:20 | Queue | Eagle Scout |
| 18:27 | Build | House |
| 18:29 | Build | House |
| 18:37 | Research | Wheelbarrow |
| 19:21 | Age | Castle Age |
| 19:24 | Research | Eagle Warrior (upgrade) |
| 19:25 | Research | Squires |
| 19:26 | Research | Bow Saw |
| 19:32 | Build | Town Center |
| 19:43 | Build | Town Center |
| 20:11 | Build | Monastery |
| 20:20 | Queue | Villager (Male) |
| 20:31 | Queue | Villager (Male) |
| 20:33 | Build | House |
| 20:34 | Build | House |
| 20:47 | Queue | Villager (Male) |
| 20:49 | Queue | Eagle Scout |
| 21:02 | Queue | Monk |
| 21:09 | Build | Palisade Gate |
| 21:13 | Queue | Villager (Male) |
| 21:14 | Queue | Villager (Male) |
| 21:16 | Queue | Villager (Male) |
| 21:32 | Queue | Villager (Male) |
| 21:35 | Build | Farm |
| 21:42 | Queue | Villager (Male) |
| 21:47 | Queue | Eagle Scout |
| 21:50 | Queue | Monk |
| 21:56 | Queue | Villager (Male) |
| 22:18 | Queue | Villager (Male) |
| 22:20 | Build | Farm |
| 22:22 | Build | Farm |
| 22:23 | Queue | Villager (Male) |
| 22:24 | Queue | Villager (Male) |
| 22:27 | Queue | Eagle Scout |
| 22:32 | Queue | Monk |
| 23:04 | Queue | Villager (Male) |
| 23:09 | Queue | Villager (Male) |
| 23:09 | Queue | Villager (Male) |
| 23:13 | Build | House |
| 23:15 | Build | House |
| 23:19 | Queue | Monk |
| 23:21 | Queue | Villager (Male) |
| 23:51 | Queue | Villager (Male) |
| 23:52 | Queue | Monk |
| 23:56 | Queue | Villager (Male) |
| 23:56 | Queue | Villager (Male) |
| 23:59 | Build | Mill |
| 24:00 | Build | Farm |
| 24:00 | Build | Farm |
| 24:00 | Build | Farm |
| 24:00 | Build | Farm |
| 24:00 | Build | Farm |
| 24:01 | Build | Farm |
| 24:01 | Build | Farm |
| 24:01 | Build | Farm |
| 24:02 | Queue | Villager (Male) |
| 24:06 | Queue | Villager (Male) |
| 24:18 | Queue | Villager (Male) |
Match timeline
| 5:37 | CNZS_98T · first_building Barracks |
| 7:57 | CNZS_MING · first_building Barracks |
| 8:17 | CNZS_98T · wall_segment Palisade Wall x14 |
| 8:49 | CNZS_98T · wall_segment Palisade Wall x12 |
| 8:53 | CNZS_98T · age_up feudal |
| 9:16 | CNZS_MING · age_up feudal |
| 9:19 | CNZS_MING · first_building Stable |
| 9:39 | CNZS_MING · wall_segment Palisade Wall x1 |
| 9:42 | CNZS_98T · wall_segment Palisade Wall x6 |
| 10:05 | CNZS_98T · wall_segment Palisade Wall x14 |
| 10:07 | CNZS_MING · wall_segment Palisade Wall x1 |
| 10:41 | CNZS_MING · first_building Archery Range |
| 14:50 | CNZS_MING · wall_segment Palisade Wall x1 |
| 14:51 | CNZS_MING · wall_segment Palisade Wall x1 |
| 14:51 | CNZS_MING · wall_segment Palisade Wall x1 |
| 16:38 | CNZS_98T · first_market_buy 100 food |
| 16:38 | CNZS_MING · wall_segment Palisade Wall x7 |
| 16:39 | CNZS_MING · wall_segment Palisade Wall x2 |
| 16:45 | CNZS_MING · wall_segment Palisade Wall x1 |
| 17:25 | CNZS_MING · wall_segment Palisade Wall x1 |
| 17:27 | CNZS_MING · wall_segment Palisade Wall x1 |
| 17:31 | CNZS_MING · wall_segment Palisade Wall x1 |
| 17:36 | CNZS_MING · wall_segment Palisade Wall x1 |
| 17:37 | CNZS_MING · wall_segment Palisade Wall x1 |
| 18:48 | CNZS_MING · wall_segment Palisade Wall x1 |
| 19:21 | CNZS_98T · age_up castle |
| 20:11 | CNZS_98T · first_building Monastery |
| 20:13 | CNZS_MING · wall_segment Palisade Wall x1 |
| 20:18 | CNZS_MING · age_up castle |
| 20:39 | CNZS_MING · first_building Monastery |
| 28:07 | CNZS_MING · first_market_buy 100 food |
| 28:10 | CNZS_98T · first_building Castle |
| 28:29 | CNZS_MING · wall_segment Stone Wall x13 |
| 30:23 | CNZS_MING · first_market_sell 100 wood |
| 30:58 | CNZS_98T · age_up imperial |
| 31:08 | CNZS_MING · resign |
[ AI ANALYSIS · 1 CREDIT ]
What really happened in this match?
Wolo.gg analyzes every decision: build order, eco, micro, common mistakes by bracket. Personalized analysis on WhatsApp or Discord in 30 seconds.
Civ guide
Burgundians
Perfil
Ming (CNZS_MING)